 Dungeon Crawl Stone Soup version 0.24.1-14-gf8d2b509d9 (console) character file.

Game seed: 3341751959004675028, levelgen mode: deterministic

484 Kagalorn the Chopper (level 6, 0/52 HPs)
             Began as a Minotaur Wanderer on Nov 27, 2020.
             Was an Initiate of the Shining One.
             Slain by an ogre
             ... wielding a +0 giant club
              (18 damage)
             ... on level 5 of the Dungeon.
             The game lasted 00:10:48 (5195 turns).

Kagalorn the Chopper (Minotaur Wanderer)            Turns: 5195, Time: 00:10:48

Health: 0/52       AC: 13    Str: 18    XL:     6   Next: 88%
Magic:  6/6        EV:  6    Int: 12    God:    the Shining One [......]
Gold:   287        SH:  0    Dex:  7    Spells: 6/7 levels left

rFire    . . .     SeeInvis .   a - +0 hand axe (curse)
rCold    + . .     Gourm    .   (no shield)
rNeg     . . .     Faith    .   h - +1 plate armour {rC+}
rPois    .         Spirit   .   (helmet restricted)
rElec    .         Reflect  .   x - +0 cloak
rCorr    .         Harm     .   (no gloves)
MR       .....                  (no boots)
Stlth    ..........             (no amulet)
HPRegen  0.17/turn              (no ring)
MPRegen  0.10/turn              (no ring)

@: glowing, lightly drained
A: retaliatory headbutt, horns 2
a: Renounce Religion


You were on level 5 of the Dungeon.
You worshipped the Shining One.
The Shining One was noncommittal.
You were very hungry.

You visited 2 branches of the dungeon, and saw 6 of its levels.

You collected 287 gold pieces.

Inventory:

Hand Weapons
 a - a cursed +0 hand axe (weapon)
 b - a +0 morningstar
Missiles
 k - 5 boomerangs (quivered)
Armour
 h - a +1 plate armour of cold resistance (worn)
 x - a +0 cloak (worn)
Jewellery
 s - an uncursed ring of wizardry {unknown}
 v - a +3 ring of dexterity
Wands
 e - a wand of enslavement (9)
 u - a wand of flame (14)
Scrolls
 d - a scroll of blinking {unknown}
 g - a scroll of immolation {unknown}
 i - 4 scrolls of amnesia {unknown}
 l - a scroll of identify {unknown}
 m - 4 scrolls of remove curse
 n - a scroll of fog {unknown}
 t - 2 scrolls of fear {unknown}
Potions
 c - 3 potions of curing
 j - a potion of lignification {unknown}
 p - a potion of invisibility {unknown}
 q - a potion of might {unknown}
 r - a potion of haste {unknown}
 w - a potion of resistance {unknown}
Comestibles
 f - 11 rations


   Skills:
 + Level 3.9(3.7) Fighting
   Level 1.1(0.9) Short Blades
 * Level 4.2(4.0) Axes
 - Level 1.0(0.8) Throwing
 + Level 3.6(3.4) Armour
 + Level 3.7(3.5) Dodging
 - Level 2.0(1.8) Stealth
   Level 1.2(1.0) Shields
 - Level 1.0(0.8) Spellcasting
 - Level 2.0(1.8) Summonings


You had 6 spell levels left.
You knew the following spells:

 Your Spells              Type           Power        Failure   Level  Hunger
a - Summon Small Mammal   Summ           #...         99%         1    ##.....

Your spell library contained the following spells:

 Spells                   Type           Power        Failure   Level  Hunger
 Poisonous Vapours        Pois/Air       #.....       100%        2    ###....
 Swiftness                Chrm/Air       #.......     100%        2    ###....
 Recall                   Summ/Tloc      N/A          100%        3    ####...


Dungeon Overview and Level Annotations

Branches:
Dungeon (5/15)             Temple (1/1) D:5

Altars:
Ashenzari
Cheibriados
Elyvilon
Fedhas
Gozag
Hepliaklqana
Kikubaaqudgha
Makhleb
Nemelex Xobeh
Okawaru
Qazlal
Ru
Sif Muna
Trog
Vehumet
Wu Jian
Xom
Yredelemnul
Zin
The Shining One

Shops:
D:4 (


Innate Abilities, Weirdness & Mutations

You reflexively headbutt those who attack you in melee.
You have a pair of horns on your head.


Message History

Aim: an ogre, wielding a +0 giant club You throw a boomerang.
The boomerang hits the ogre.
The ogre is lightly wounded.
Throwing (i - inventory)
k - 5 boomerangs (quivered)
Press: ? - help, Shift-Dir - straight line, f/p - ogre
Aim: an ogre, wielding a +0 giant club (lightly wounded)
You throw a boomerang. The boomerang barely misses the ogre.
You hit the ogre but do no damage.
The ogre is lightly wounded.
The ogre hits you with a +0 giant club!
You hit the ogre but do no damage.
The ogre is lightly wounded.
The ogre hits you with a +0 giant club!!
You barely miss the ogre.
The ogre is lightly wounded.
The ogre barely misses you. You furiously retaliate!
You headbutt the ogre! You hit the ogre. You headbutt the ogre.
The ogre is severely wounded.
The ogre hits you with a +0 giant club!!
You die...

#.#.#.# #.#...# #.#.#.#
#.....# ###.###
##.#####.# #####
.........####...#######
##.#####......#........
#.####.@.#######
#.#####O## #.......#
#.##.#..# #.......#
#.#..#.#########
#.#.#...........
#.#.#..##....... .....#
.......


You could see an ogre.

Vanquished Creatures
  Duvessa (D:4)
  Dowan (D:4)
  A scorpion (D:4)
  A bullfrog zombie (D:5)
  Crazy Yiuf (D:3)
  A hound (D:4)
  2 worker ants
  A worker ant zombie (D:5)
  5 adders
  2 oozes
  2 worms
  3 dart slugs
  2 leopard geckos
  5 orcs
  6 bats
  4 giant cockroaches
  7 goblins
  7 hobgoblins
  2 jackals (D:4)
  A quokka (D:5)
  A ball python skeleton (D:4)
  3 frilled lizards
  4 kobolds
  A leopard gecko zombie (D:5)
  A quokka skeleton (D:4)
  5 rats
70 creatures vanquished.

Notes
Turn   | Place    | Note
-------+----------+-------------------------------------------
     0 | D:1      | Kagalorn the Minotaur Wanderer began the quest for the Orb.
     0 | D:1      | Kagalorn set off with the following items: a +0 club, a +2
                  | leather armour, a +0 dagger, a ration; and the following
                  | spell memorised: Summon Small Mammal; and the following
                  | spells available to memorise: Poisonous Vapours, Swiftness,
                  | Recall
     0 | D:1      | Reached XP level 1. HP: 16/16 MP: 1/1
    88 | D:1      | Reached XP level 2. HP: 20/23 MP: 2/2
   343 | D:1      | Reached skill level 1 in Armour
   573 | D:1      | Reached XP level 3. HP: 22/29 MP: 3/3
  2004 | D:3      | Reached XP level 4. HP: 37/37 MP: 4/4
  2629 | D:3      | Found a runed translucent door.
  2630 | D:3      | Noticed Crazy Yiuf
  2816 | D:3      | Found a glowing golden altar of the Shining One.
  3129 | D:4      | Found Ylefalat's Antique Weapon Boutique.
  3168 | D:4      | Reached skill level 1 in Axes
  3389 | D:4      | Reached XP level 5. HP: 41/44 MP: 5/5
  3392 | D:4      | Reached skill level 2 in Axes
  3443 | D:4      | Found a radiant altar of Vehumet.
  3567 | D:4      | Noticed Duvessa
  3567 | D:4      | Noticed Dowan
  3606 | D:4      | Killed Duvessa
  3606 | D:4      | Reached skill level 3 in Axes
  3930 | D:4      | Reached XP level 6. HP: 49/51 MP: 6/6
  4275 | D:4      | Killed Dowan
  4482 | D:5      | Entered Level 5 of the Dungeon
  4671 | D:5      | Reached skill level 4 in Axes
  4684 | D:5      | Found a staircase to the Ecumenical Temple.
  4697 | Temple   | Entered the Ecumenical Temple
  4956 | D:3      | Became a worshipper of the Shining One
  5071 | D:3      | Killed Crazy Yiuf
  5195 | D:5      | Slain by an ogre

Levels and vault maps discovered:
D:1:      mrwooster_arrival_statue, layout_basic
D:2:      layout_loops_ring, first_ration
D:3:      layout_basic, marbit_many_paths, uniq_crazy_yiuf_cottage
D:4:      layout_basic, nicolae_overflow_crystal_walls, serial_shops,
          nicolae_shop_temple_entry_statues_fountains, uniq_duvessa
D:5:      layout_loops_cross, dancing_weapons_uskayaw,
          minmay_temple_entry_stoned_glass
Temple:   compressed_dpeg_circular_temple

Skill      XL: |  1  2  3  4  5  6 |
---------------+-------------------+-----
Armour         | 1 2 3 |  3.6
Stealth        | 2 |  2.0
Fighting       | 2 3 |  3.9
Dodging        | 2 3 |  3.7
Summonings     | 2 |  2.0
Axes           | 1 3 4 |  4.2
Short Blades   | |  1.1
Throwing       | |  1.0
Shields        | |  1.2
Spellcasting   | |  1.0

Action                   |  1- 3 |  4- 6 || total
-------------------------+-------+-------++-------
Melee: Unarmed           |   179 |       ||   179
       Headbutt          |    32 |    20 ||    52
       Hand axe          |     9 |   188 ||   197
Throw: Boomerang         |       |     3 ||     3
  Use: Scroll            |     1 |       ||     1
       Potion            |       |     1 ||     1
 Stab: Sleeping          |     1 |       ||     1
  Eat: Chunk             |     2 |     4 ||     6
       Ration            |       |     2 ||     2
Armor: Chain mail        |    39 |       ||    39
       Plate armour      |    85 |   142 ||   227
       Leather armour    |     1 |       ||     1
Dodge: Dodged            |    64 |    59 ||   123
